 Dungeon Crawl Stone Soup version 0.27.1 (webtiles) character file.

Game seed: 11344059096843898596

97 Kala the Digger (level 4, -2/25 HPs)
             Began as a Gargoyle Earth Elementalist on Aug 31, 2021.
             Slain by an orc (5 damage)
             ... on level 3 of the Dungeon.
             The game lasted 00:08:30 (1897 turns).

Kala the Digger (Gargoyle Earth Elementalist)       Turns: 1897, Time: 00:08:30

Health: -2/25      AC:  5    Str: 12    XL:     4   Next: 68%
Magic:  0/8        EV: 12    Int: 16    God:
Gold:   65         SH:  0    Dex: 10    Spells: 5/9 levels left

rFire    . . .     SeeInvis .   (no weapon)
rCold    . . .     Faith    .   (no shield)
rNeg     + . .     Spirit   .   b - +0 robe
rPois    ∞         Reflect  .   (no helmet)
rElec    +         Harm     .   (no cloak)
rCorr    .         Rampage  .   (no gloves)
Will     .....                  (no boots)
Stlth    ++........             (no amulet)
HPRegen  0.08/turn              (no ring)
MPRegen  0.11/turn              (no ring)

@: no status effects
A: sickness immunity, AC +3, negative energy resistance 1, electricity
resistance, torment resistance 1, petrification resistance
a: no special abilities


You were on level 3 of the Dungeon.
You visited 1 branch of the dungeon, and saw 3 of its levels.

You collected 65 gold pieces.

Inventory:

Missiles
 c - 95 stones
Armour
 b - a +0 robe (worn)
Scrolls
 a - a scroll of torment {unknown}
 e - a scroll of fear
 f - a scroll of teleportation {unknown}
 g - 3 scrolls of brand weapon {unknown}
Potions
 d - a potion of resistance


   Skills:
 * Level 1.2 Fighting
 * Level 0.6 Staves
 * Level 0.7 Armour
 + Level 1.7 Dodging
 + Level 2.2 Stealth
 * Level 1.2 Shields
 + Level 3.1 Spellcasting
 * Level 0.9 Conjurations
 - Level 0.7 Transmutations
 + Level 3.9 Earth Magic
 * Level 0.5 Evocations


You had 5 spell levels left.
You knew the following spells:

 Your Spells              Type           Power      Damage    Failure   Level
a - Sandblast             Erth           30%        2d9       3%          1
b - Stone Arrow           Conj/Erth      20%        3d8       21%         3

Your spell library contained the following spells:

 Spells                   Type           Power      Damage    Failure   Level
 Passwall                 Tmut/Erth      7%         N/A       11%         2
 Petrify                  Tmut/Erth      9%         N/A       56%         4


Dungeon Overview and Level Annotations

Branches:
Dungeon (3/15)

Altars:


Innate Abilities, Weirdness & Mutations

You are immune to sickness and miasma.
Your stone body is resilient. (AC +3)
You are immune to poison.
You resist negative energy. (rN+)
You are resistant to electric shocks. (rElec)
You are resistant to unholy torment.
You are immune to petrification.


Message History

Aim: an orc, wielding a +0 hand axe and wearing a +0 ring mail (82% to hit)
The blast of sand hits the orc but does no damage.
The orc hits you with a +0 hand axe.
Found a leather armour.
A frilled lizard and 2 hobgoblins come into view.
You closely miss the orc.
The hobgoblin shouts!
The orc hits you with a +0 hand axe.
The frilled lizard hisses angrily.
You hit the orc but do no damage. The orc closely misses you.
Aiming: Sandblast (safe; 3% risk of failure)
Press: ? - help, Q - select action, (/) - cycle Shift-Dir - straight line, f/p - orc
Aim: an orc, wielding a +0 hand axe and wearing a +0 ring mail (82% to hit)
The blast of sand misses the orc.
The orc hits you but does no damage.
Unknown command.
You hit the orc.
The orc is lightly wounded.
The orc hits you with a +0 hand axe.
* * * LOW HITPOINT WARNING * * *
You closely miss the orc.
The orc is lightly wounded.
The hobgoblin hits you but does no damage.
The orc closely misses you.
You barely miss the orc.
The orc is lightly wounded.
The hobgoblin barely misses you. The orc hits you with a +0 hand axe.
* * * LOW HITPOINT WARNING * * *
You completely miss the orc.
The orc is lightly wounded.
The hobgoblin hits you.
* * * LOW HITPOINT WARNING * * *
The orc barely misses you.
You hit the orc but do no damage.
The orc is lightly wounded.
The hobgoblin closely misses you. The orc barely misses you.
You closely miss the orc.
The orc is lightly wounded.
The hobgoblin closely misses you. The orc hits you with a +0 hand axe.
You die...

#<# #.#
#.# #.#
#.# #.#
#.# #o#
#@#
.....lg.#
.....[###
....#.
### #


You could see an orc, a hobgoblin and a frilled lizard.

Vanquished Creatures
  An orc wizard (D:3)
  A gnoll (D:1)
  2 adders
  A worm (D:2)
  2 orcs (D:3)
  2 ball pythons (D:1)
  5 endoplasms
  6 giant cockroaches
  5 goblins
  3 hobgoblins (D:2)
  A kobold (D:1)
  3 bats (D:1)
  2 frilled lizards (D:1)
  4 rats (D:1)
38 creatures vanquished.

Notes
Turn   | Place    | Note
-------+----------+-------------------------------------------
     0 | D:1      | Kala the Gargoyle Earth Elementalist began the quest for
                  | the Orb.
     0 | D:1      | Reached XP level 1. HP: 10/10 MP: 3/3
   271 | D:1      | Reached XP level 2. HP: 16/16 MP: 0/5
   570 | D:1      | Found a faded altar of an unknown god.
   633 | D:1      | Reached XP level 3. HP: 20/20 MP: 3/6
   637 | D:1      | Learned a level 3 spell: Stone Arrow
   745 | D:1      | Reached skill level 1 in Fighting
  1541 | D:2      | Reached XP level 4. HP: 25/25 MP: 2/7
  1778 | D:3      | Reached skill level 1 in Shields
  1897 | D:3      | Slain by an orc

Illustrated notes

Levels and vault maps discovered:
D:1:      dpeg_arrival_rhombi, layout_loops_ring,
          shapermc_ecumenical_altar_ellora
D:2:      layout_rooms, nrook_loot_triangle, minmay_misc_feat_encased,
          minivault_4
D:3:      layout_loops_ring

Skill      XL: |  1  2  3  4 |
---------------+-------------+-----
Fighting       | 1 |  1.2
Shields        | 1 |  1.2
Spellcasting   | 3 |  3.1
Staves         | |  0.6
Armour         | |  0.7
Dodging        | |  1.7
Stealth        | |  2.2
Conjurations   | |  0.9
Transmutations | |  0.7
Earth Magic    | |  3.9
Evocations     | |  0.5

Action                   |  1- 3 |  4- 6 || total
-------------------------+-------+-------++-------
Melee: Unarmed           |    16 |     8 ||    24
 Cast: Sandblast         |    49 |    16 ||    65
  Use: Scroll            |     3 |       ||     3
Armor: Robe              |    13 |     2 ||    15
Dodge: Dodged            |    14 |    10 ||    24
